Patriotes vs Rafales
(R2)
Created - May 18, 2019 at 19:02
Goals
|
Patriotes |
1 |
1 |
1 |
3 |
Rafales |
0 |
1 |
0 |
1 |
|
Shots
|
Patriotes |
10 |
13 |
10 |
33 |
Rafales |
9 |
15 |
10 |
34 |
|
1st period
1. Patriotes , Jason Zucker 1 (Cody Eakin 7) at 15:09
Penalties :
Brian Ferlin (Stf) for High sticking (Minor) at 1:03, James Marcou (Stf) for Tripping (Minor) at 3:56, Timothy Kunes (Nyc) for High sticking (Minor) at 7:14, Tyler Randell (Nyc) for High sticking (Minor) at 10:25
2nd period
2. Rafales , James Marcou 1 (Chris Terry 2) at 5:59
3. Patriotes , Cody Eakin 5 (Jason Zucker 1, Tyler Randell 5) at 9:24 (PP)
Penalties :
Michael Ryder (Stf) for Slashing (Minor) at 2:50, Milan Bartovic (Stf) for Holding (Minor) at 8:19, Matt Calvert (Nyc) for Interference (Minor) at 12:03, Aaron Ness (Nyc) for Tripping (Minor) at 17:35
3rd period
4. Patriotes , Jason Zucker 2 (Tyler Randell 6, Cody Eakin 8) at 6:07
Penalties :
Cody McLeod (Stf) for Cross-checking (Minor) at 7:27, Borna Rendulic (Nyc) for High sticking (Minor) at 16:18
Goalie Stats
Thomas Greiss (Nyc), 33 saves from 34 shots - (0.971), W, 1-0-0, 60:00 minutes
Leland Irving (Stf), 30 saves from 33 shots - (0.909), L, 2-4-0, 60:00 minutes
Players Stats for Patriotes
Player Name G A P +/- PIM S H SB GA TA FO MP PP MP PK MP
------------------------------------------------------------------------------------
Aaron Ness 0 0 0 0 2 2 1 3 1 1 0/0 17:41 1:13 0:00
Aleksander Barkov 0 0 0 0 0 2 2 0 1 0 1/7 10:12 0:00 0:00
Anthony Bitetto 0 0 0 1 0 5 2 0 0 1 0/0 29:07 6:19 6:04
Austin Watson 0 0 0 0 0 2 1 0 0 0 0/2 8:09 0:00 1:19
Borna Rendulic 0 0 0 0 2 0 1 0 0 0 0/0 10:21 0:00 0:00
Christian Hanson 0 0 0 -1 0 0 3 0 1 0 12/16 16:49 3:23 3:27
Cody Eakin 1 2 3 2 0 4 2 2 0 0 23/43 24:52 5:38 5:11
Dale Weise 0 0 0 0 0 0 0 0 0 1 0/0 6:35 0:00 0:00
David Kolomatis 0 0 0 1 0 1 0 0 1 0 0/0 21:17 3:54 3:51
Dillon Heatherington 0 0 0 -1 0 0 0 0 0 0 0/0 5:39 0:00 1:19
Emerson Etem 0 0 0 -1 0 1 1 1 2 0 0/0 13:13 3:23 0:00
Jared Knight 0 0 0 0 0 1 0 0 0 0 1/1 6:35 0:00 0:00
Jason Zucker 2 1 3 2 0 5 0 1 2 0 0/2 24:52 5:38 5:11
Justin Florek 0 0 0 0 0 1 1 1 0 0 0/0 10:12 0:00 0:00
Mario Lucia 0 0 0 0 0 0 0 0 0 0 0/0 0:00 0:00 0:00
Matt Calvert 0 0 0 -1 2 2 1 1 0 0 0/0 13:13 3:23 0:00
Maxim Mamin 0 0 0 0 0 0 0 0 0 0 0/0 0:00 0:00 0:00
Riley Barber 0 0 0 0 0 0 0 0 0 0 0/0 0:00 0:00 0:00
Robert Baillargeon 0 0 0 0 0 0 0 0 0 0 0/0 2:47 0:00 2:25
Ryan Fitzgerald 0 0 0 0 0 0 0 0 0 0 0/0 0:00 0:00 0:00
Shane Sims 0 0 0 1 0 0 0 0 0 0 0/0 6:25 1:29 1:19
Shea Theodore 0 0 0 -1 0 1 0 0 1 0 0/0 11:37 0:00 2:33
Timothy Kunes 0 0 0 1 2 3 2 4 0 3 0/0 28:18 5:07 4:44
Tyler Randell 0 2 2 2 2 3 2 1 0 1 0/0 22:06 5:38 2:17
Players Stats for Rafales
Player Name G A P +/- PIM S H SB GA TA FO MP PP MP PK MP
------------------------------------------------------------------------------------
Brian Ferlin 0 0 0 0 2 4 2 0 1 3 1/2 12:09 0:03 1:41
Carl Klingberg 0 0 0 -1 0 5 3 2 2 1 0/2 20:11 4:27 3:36
Cedric Paquette 0 0 0 1 0 0 0 0 0 0 2/4 7:27 0:03 1:03
Chris Terry 0 1 1 1 0 1 0 0 1 0 0/0 6:01 0:00 0:00
Cody McLeod 0 0 0 -1 2 3 3 1 0 0 1/2 23:27 5:23 4:07
Connor Murphy 0 0 0 -2 0 1 1 3 0 1 0/0 29:44 5:38 5:26
Dylan McIlrath 0 0 0 0 0 0 1 1 0 0 0/0 8:53 0:00 0:00
James Marcou 1 0 1 1 2 2 0 0 1 1 0/0 6:22 0:00 0:00
James Sheppard 0 0 0 0 0 3 0 0 0 1 0/0 10:17 0:05 0:41
Joey Laleggia 0 0 0 1 0 1 0 2 1 1 0/0 21:23 4:17 3:35
Julian Melchiori 0 0 0 1 0 2 0 3 0 1 0/0 21:23 4:17 3:35
Kevin Veilleux 0 0 0 0 0 0 2 1 0 0 4/8 9:11 0:00 0:00
Matt Gilroy 0 0 0 -2 0 2 4 5 0 0 0/0 29:44 5:38 5:26
Michael Ryder 0 0 0 -1 2 2 1 1 1 0 3/3 20:23 5:24 1:34
Mike Zigomanis 0 0 0 -1 0 3 4 1 0 0 16/37 25:01 5:24 5:20
Milan Bartovic 0 0 0 -1 2 0 0 0 0 0 0/1 15:15 4:28 0:00
Nathan Davis 0 0 0 -1 0 5 2 1 0 0 7/12 15:10 4:28 0:00
Slater Koekkoek 0 0 0 0 0 0 0 0 0 0 0/0 8:53 0:00 0:00
3 Stars
1 - Jason Zucker (Nyc)
2 - Cody Eakin (Nyc)
3 - Thomas Greiss (Nyc)
Power Play
Patriotes - 1 on 5 Attempt(s) - 20.00%
Rafales - 0 on 5 Attempt(s) - 0.00%
Penalty Kill
Patriotes - 5 on 5 Attempt(s) - 100.00%
- Score 0 goal in Penalty Kill
Rafales - 4 on 5 Attempt(s) - 80.00%
- Score 0 goal in Penalty Kill
Team Stat
Patriotes - Hits : 19 - Faceoff Wins : 37 - Blocked Shots : 14 - Penalty Minutes : 10
Rafales - Hits : 23 - Faceoff Wins : 34 - Blocked Shots : 21 - Penalty Minutes : 10
Official
Referees : Unknown
Linesman : Unknown
Game Notes
Shane Sims is injured at 16:39 of 1st period (Torn Right Knee Ligaments)
Finance
Level 1 -- Attendance: 1655 (82.75%) -- Ticket Income $66,200
Level 2 -- Attendance: 846 (84.60%) -- Ticket Income $16,920
Total Attendance: 2501 (83.37%)
Total Ticket Income: $83,120
Other Income: $4,156
Total Income: $87,276
Patriotes
5 vs 5 Forward
Center Left Wing Right Wing Time % Phy DF OF
1 Cody Eakin Jason Zucker Tyler Randell 40 1 2 2
2 Christian Hanson Matt Calvert Emerson Etem 30 1 2 2
3 Aleksander Barkov Justin Florek Borna Rendulic 20 1 2 2
4 Jared Knight Austin Watson Dale Weise 10 1 2 2
5 vs 5 Defense
Defense Defense Time % Phy DF OF
1 Timothy Kunes Anthony Bitetto 40 1 2 2
2 Shane Sims David Kolomatis 30 1 2 2
3 Aaron Ness Shea Theodore 20 1 2 2
4 Dillon Heatherington Timothy Kunes 10 1 2 2
PowerPlay Forward
Center Left Wing Right Wing Time % Phy DF OF
1 Cody Eakin Jason Zucker Tyler Randell 60 1 2 2
2 Christian Hanson Matt Calvert Emerson Etem 40 1 2 2
PowerPlay Defense
Defense Defense Time % Phy DF OF
1 Timothy Kunes Anthony Bitetto 60 1 2 2
2 Shane Sims David Kolomatis 40 1 2 2
Penalty Kill 4 Players Forward
Center Wing Time % Phy DF OF
1 Cody Eakin Jason Zucker 60 1 2 2
2 Tyler Randell Christian Hanson 40 1 2 2
Penalty Kill 4 Players Defense
Defense Defense Time % Phy DF OF
1 Timothy Kunes Anthony Bitetto 60 1 2 2
2 Shane Sims David Kolomatis 40 1 2 2
Penalty Kill - 3 Players Forward
Forward Time % Phy DF OF
1 Cody Eakin 60 1 2 2
2 Jason Zucker 40 1 2 2
Penalty Kill - 3 Players Defense
Defense Defense Time % Phy DF OF
1 Timothy Kunes Anthony Bitetto 60 1 2 2
2 Shane Sims David Kolomatis 40 1 2 2
4 vs 4 Forward
Center Wing Time % Phy DF OF
1 Cody Eakin Jason Zucker 60 1 2 2
2 Tyler Randell Christian Hanson 40 1 2 2
4 vs 4 Defense
Defense Defense Time % Phy DF OF
1 Timothy Kunes Anthony Bitetto 60 1 2 2
2 Shane Sims David Kolomatis 40 1 2 2
Last Minutes Offensive
Center Left Wing Right Wing Defense Defense
Cody Eakin Jason Zucker Tyler Randell Timothy Kunes Anthony Bitetto
Last Minutes Defensive
Center Left Wing Right Wing Defense Defense
Cody Eakin Jason Zucker Tyler Randell Timothy Kunes Anthony Bitetto
Goaltenders
Starting : Thomas Greiss
Backup : Marek Schwarz
Extra Forwards
Normal : Ryan Fitzgerald, Riley Barber, Robert Baillargeon - PP : Ryan Fitzgerald, Riley Barber - PK : Robert Baillargeon
Extra Defensemen
Normal : Aaron Ness, Shea Theodore, Dillon Heatherington - PP : Aaron Ness - PK : Shea Theodore, Dillon Heatherington
Penalty Shots
Cody Eakin, Jason Zucker, Tyler Randell, Christian Hanson, Matt Calvert
Scratches
Andrei Vasilevskiy (Healthy), Phoenix Copley (Healthy)
Rafales
5 vs 5 Forward
Center Left Wing Right Wing Time % Phy DF OF
1 Mike Zigomanis Cody McLeod Michael Ryder 40 0 1 4
2 Nathan Davis Carl Klingberg Milan Bartovic 30 0 1 4
3 Kevin Veilleux James Sheppard Brian Ferlin 20 1 1 3
4 Cedric Paquette Chris Terry James Marcou 10 2 1 2
5 vs 5 Defense
Defense Defense Time % Phy DF OF
1 Matt Gilroy Connor Murphy 40 1 3 1
2 Julian Melchiori Joey Laleggia 30 1 3 1
3 Dylan McIlrath Slater Koekkoek 20 1 3 1
4 Matt Gilroy Connor Murphy 10 1 3 1
PowerPlay Forward
Center Left Wing Right Wing Time % Phy DF OF
1 Mike Zigomanis Cody McLeod Michael Ryder 60 0 0 5
2 Nathan Davis Carl Klingberg Milan Bartovic 40 0 0 5
PowerPlay Defense
Defense Defense Time % Phy DF OF
1 Matt Gilroy Connor Murphy 60 0 2 3
2 Julian Melchiori Joey Laleggia 40 0 2 3
Penalty Kill 4 Players Forward
Center Wing Time % Phy DF OF
1 Mike Zigomanis Cody McLeod 60 1 3 1
2 Michael Ryder Carl Klingberg 40 1 3 1
Penalty Kill 4 Players Defense
Defense Defense Time % Phy DF OF
1 Matt Gilroy Connor Murphy 60 2 3 0
2 Julian Melchiori Joey Laleggia 40 2 3 0
Penalty Kill - 3 Players Forward
Forward Time % Phy DF OF
1 Mike Zigomanis 60 1 4 0
2 Cody McLeod 40 1 4 0
Penalty Kill - 3 Players Defense
Defense Defense Time % Phy DF OF
1 Matt Gilroy Connor Murphy 60 2 3 0
2 Julian Melchiori Joey Laleggia 40 1 4 0
4 vs 4 Forward
Center Wing Time % Phy DF OF
1 Mike Zigomanis Cody McLeod 60 1 1 3
2 Michael Ryder Carl Klingberg 40 1 1 3
4 vs 4 Defense
Defense Defense Time % Phy DF OF
1 Matt Gilroy Connor Murphy 60 1 3 1
2 Julian Melchiori Joey Laleggia 40 1 3 1
Last Minutes Offensive
Center Left Wing Right Wing Defense Defense
Mike Zigomanis Cody McLeod Michael Ryder Matt Gilroy Connor Murphy
Last Minutes Defensive
Center Left Wing Right Wing Defense Defense
Mike Zigomanis Cody McLeod Michael Ryder Matt Gilroy Connor Murphy
Goaltenders
Starting : Leland Irving
Backup : Sean Maguire
Extra Forwards
Normal : Mike Zigomanis, Cody McLeod, Michael Ryder - PP : Mike Zigomanis, Cody McLeod - PK : Brian Ferlin
Extra Defensemen
Normal : Matt Gilroy, Connor Murphy, Julian Melchiori - PP : Matt Gilroy - PK : Connor Murphy, Julian Melchiori
Penalty Shots
Mike Zigomanis, Cody McLeod, Michael Ryder, Carl Klingberg, James Sheppard
Scratches
Ben Sexton (Healthy), Ryan Bourque (Healthy), Ben Johnson (Healthy), Jayson Megna (Healthy), Brad Ross (Healthy)
Ben Thomson (Healthy), Tyrell Goulbourne (Healthy), David Broll (Healthy), Stefan Chaput (Healthy), Dennis Persson (Healthy)
Akim Aliu (Healthy), Maksim Mayorov (Healthy), Chris Driedger (Healthy)
% Time on Ice - Patriotes
Lines # - Real PCT - Wanted PCT - Time Play
Normal Forward
1 - 35% - 40% - 14:18
2 - 24% - 30% - 9:59
3 - 25% - 20% - 10:12
4 - 16% - 10% - 6:35
Normal Defense
1 - 37% - 40% - 15:23
2 - 34% - 30% - 14:02
3 - 21% - 20% - 8:28
4 - 8% - 10% - 3:11
PP Forward
1 - 62% - 60% - 5:38
2 - 38% - 40% - 3:23
PP Defense
1 - 57% - 60% - 5:07
2 - 43% - 40% - 3:54
PK Forward
1 - 68% - 60% - 6:47
2 - 32% - 40% - 3:08
PK Defense
1 - 61% - 60% - 6:04
2 - 39% - 40% - 3:51
PK3 Forward
1 - 0% - 60%
2 - 0% - 40%
PK3 Defense
1 - 0% - 60%
2 - 0% - 40%
44 Forward
1 - 0% - 60%
2 - 0% - 40%
44 Defense
1 - 0% - 60%
2 - 0% - 40%
Last Minute Offensive - 0:00
Last Minute Defensive - 0:00
Total
Forward - 60:00
Defense - 60:00
|
% Time on Ice - Rafales
Lines # - Real PCT - Wanted PCT - Time Play
Normal Forward
1 - 35% - 40% - 14:19
2 - 28% - 30% - 11:33
3 - 22% - 20% - 9:11
4 - 15% - 10% - 6:01
Normal Defense
1 - 44% - 40% - 17:55
2 - 33% - 30% - 13:31
3 - 22% - 20% - 8:53
4 - 2% - 10% - 0:45
PP Forward
1 - 54% - 60% - 5:24
2 - 46% - 40% - 4:31
PP Defense
1 - 57% - 60% - 5:38
2 - 43% - 40% - 4:17
PK Forward
1 - 77% - 60% - 6:55
2 - 23% - 40% - 2:06
PK Defense
1 - 60% - 60% - 5:26
2 - 40% - 40% - 3:35
PK3 Forward
1 - 0% - 60%
2 - 0% - 40%
PK3 Defense
1 - 0% - 60%
2 - 0% - 40%
44 Forward
1 - 0% - 60%
2 - 0% - 40%
44 Defense
1 - 0% - 60%
2 - 0% - 40%
Last Minute Offensive - 0:00
Last Minute Defensive - 0:00
Total
Forward - 60:00
Defense - 60:00
|
Play-by-Play
1st period
0:01 of 1st period - Mike Zigomanis wins face-off versus Jason Zucker in neutral zone.
0:16 of 1st period - Wrist shot by Cody McLeod.
0:16 of 1st period - Shot Blocked by Timothy Kunes.
0:26 of 1st period - Carl Klingberg is hit by Emerson Etem and loses puck.
0:53 of 1st period - Slapshot by Aaron Ness.
0:53 of 1st period - Stopped by Leland Irving with a rebound.
0:55 of 1st period - Slapshot by Aaron Ness.
0:55 of 1st period - Stopped by Leland Irving with a rebound.
1:03 of 1st period - Minor Penalty to Brian Ferlin for High sticking.
1:04 of 1st period - Mike Zigomanis wins face-off versus Cody Eakin in Rafales zone.
1:36 of 1st period - Carl Klingberg is hit by Christian Hanson and loses puck.
2:53 of 1st period - Icing by David Kolomatis.
2:54 of 1st period - Michael Ryder wins face-off versus Christian Hanson in Patriotes zone.
3:03 of 1st period - Penalty to Brian Ferlin is over, Brian Ferlin is back on ice.
3:15 of 1st period - Snap shot by Jared Knight.
3:15 of 1st period - Stopped by Leland Irving with a rebound.
3:39 of 1st period - Wrist shot by James Marcou.
3:39 of 1st period - Deflect By Chris Terry.
3:39 of 1st period - Stopped by Thomas Greiss without a rebound.
3:40 of 1st period - Cedric Paquette wins face-off versus Cody Eakin in Patriotes zone.
3:56 of 1st period - Minor Penalty to James Marcou for Tripping.
3:57 of 1st period - Cody Eakin wins face-off versus Mike Zigomanis in Rafales zone.
4:32 of 1st period - Backhand shot by Emerson Etem.
4:32 of 1st period - Deflect By Matt Calvert.
4:32 of 1st period - Shot Blocked by Julian Melchiori.
4:32 of 1st period - Puck is out of play.
4:33 of 1st period - Michael Ryder wins face-off versus Cody Eakin in Rafales zone.
5:22 of 1st period - Jason Zucker is hit by Cody McLeod and loses puck.
5:56 of 1st period - Penalty to James Marcou is over, James Marcou is back on ice.
6:17 of 1st period - Snap shot by Mike Zigomanis.
6:17 of 1st period - Stopped by Thomas Greiss without a rebound.
6:18 of 1st period - Nathan Davis wins face-off versus Aleksander Barkov in Patriotes zone.
6:19 of 1st period - Wrist shot by Carl Klingberg.
6:19 of 1st period - Stopped by Thomas Greiss without a rebound.
6:20 of 1st period - Nathan Davis wins face-off versus Aleksander Barkov in Patriotes zone.
6:21 of 1st period - Snap shot by Carl Klingberg.
6:21 of 1st period - Stopped by Thomas Greiss without a rebound.
6:22 of 1st period - Nathan Davis wins face-off versus Aleksander Barkov in Patriotes zone.
6:38 of 1st period - Shane Sims is hit by Matt Gilroy and loses puck.
6:49 of 1st period - Wrist shot by Cody McLeod.
6:49 of 1st period - Shot Misses the Net.
7:14 of 1st period - Minor Penalty to Timothy Kunes for High sticking.
7:15 of 1st period - Cody Eakin wins face-off versus Mike Zigomanis in Patriotes zone.
7:15 of 1st period - Cody Eakin is hit by Mike Zigomanis.
8:01 of 1st period - Cody Eakin is hit by Carl Klingberg and loses puck.
8:23 of 1st period - David Kolomatis is hit by Mike Zigomanis and loses puck.
9:14 of 1st period - Penalty to Timothy Kunes is over, Timothy Kunes is back on ice.
9:34 of 1st period - David Kolomatis is hit by Kevin Veilleux and loses puck.
10:13 of 1st period - Snap shot by Matt Calvert.
10:13 of 1st period - Stopped by Leland Irving without a rebound.
10:14 of 1st period - Cody Eakin wins face-off versus Mike Zigomanis in Rafales zone.
10:15 of 1st period - Snap shot by Jason Zucker.
10:15 of 1st period - Stopped by Leland Irving with a rebound.
10:25 of 1st period - Minor Penalty to Tyler Randell for High sticking.
10:26 of 1st period - Cody Eakin wins face-off versus Cody McLeod in Patriotes zone.
10:51 of 1st period - Matt Gilroy is hit by Christian Hanson and loses puck.
12:25 of 1st period - Penalty to Tyler Randell is over, Tyler Randell is back on ice.
13:03 of 1st period - Jared Knight is hit by Matt Gilroy and loses puck.
13:10 of 1st period - Slapshot by Matt Gilroy.
13:10 of 1st period - Stopped by Thomas Greiss without a rebound.
13:11 of 1st period - Mike Zigomanis wins face-off versus Cody Eakin in Patriotes zone.
13:32 of 1st period - Wrist shot by Brian Ferlin.
13:32 of 1st period - Stopped by Thomas Greiss without a rebound.
13:33 of 1st period - Kevin Veilleux wins face-off versus Aleksander Barkov in Patriotes zone.
13:42 of 1st period - Wrist shot by James Sheppard.
13:42 of 1st period - Stopped by Thomas Greiss with a rebound.
13:45 of 1st period - Icing by Timothy Kunes.
13:46 of 1st period - Aleksander Barkov wins face-off versus Mike Zigomanis in Patriotes zone.
14:11 of 1st period - Wrist shot by Aleksander Barkov.
14:11 of 1st period - Stopped by Leland Irving with a rebound.
14:13 of 1st period - Snap shot by Justin Florek.
14:13 of 1st period - Shot Misses the Net.
14:15 of 1st period - Slapshot by Timothy Kunes.
14:15 of 1st period - Deflect By Justin Florek.
14:15 of 1st period - Stopped by Leland Irving with a rebound.
14:51 of 1st period - Wrist shot by Aleksander Barkov.
14:51 of 1st period - Shot Blocked by Joey Laleggia.
14:53 of 1st period - Slapshot by Anthony Bitetto.
14:53 of 1st period - Stopped by Leland Irving without a rebound.
14:54 of 1st period - Cody Eakin wins face-off versus Nathan Davis in Rafales zone.
14:55 of 1st period - Snap shot by Jason Zucker.
14:55 of 1st period - Shot Misses the Net.
14:57 of 1st period - Snap shot by Tyler Randell.
14:57 of 1st period - Deflect By Cody Eakin.
14:57 of 1st period - Shot Misses the Net.
14:57 of 1st period - Puck is out of play.
14:58 of 1st period - Cody Eakin wins face-off versus Nathan Davis in Rafales zone.
15:05 of 1st period - Backhand shot by Cody Eakin.
15:05 of 1st period - Shot Misses the Net.
15:09 of 1st period - Wrist shot by Jason Zucker.
15:09 of 1st period - Goal by Jason Zucker - Patriotes : 1 - Rafales : 0.
15:10 of 1st period - Nathan Davis wins face-off versus Cody Eakin in neutral zone.
15:17 of 1st period - Snap shot by Carl Klingberg.
15:17 of 1st period - Shot Blocked by Cody Eakin.
15:23 of 1st period - Slapshot by Timothy Kunes.
15:23 of 1st period - Deflect By Carl Klingberg.
15:23 of 1st period - Stopped by Leland Irving without a rebound.
15:24 of 1st period - Cody Eakin wins face-off versus Mike Zigomanis in Rafales zone.
16:11 of 1st period - Slapshot by Brian Ferlin.
16:11 of 1st period - Stopped by Thomas Greiss with a rebound.
16:17 of 1st period - Snap shot by Brian Ferlin.
16:17 of 1st period - Shot Misses the Net.
16:38 of 1st period - Shane Sims is hit by Matt Gilroy and loses puck.
16:39 of 1st period - Shane Sims from Patriotes is injured at 16:39 of 1st period (Torn Right Knee Ligaments).
16:40 of 1st period - Cody Eakin wins face-off versus Mike Zigomanis in Patriotes zone.
17:06 of 1st period - Emerson Etem is hit by Nathan Davis and loses puck.
17:13 of 1st period - Wrist shot by Nathan Davis.
17:13 of 1st period - Stopped by Thomas Greiss without a rebound.
17:14 of 1st period - Mike Zigomanis wins face-off versus Christian Hanson in Patriotes zone.
17:39 of 1st period - Cody Eakin is hit by Dylan McIlrath and loses puck.
17:58 of 1st period - Snap shot by Cody Eakin.
17:58 of 1st period - Deflect By Dale Weise.
17:58 of 1st period - Shot Misses the Net.
17:58 of 1st period - Puck is out of play.
17:59 of 1st period - Brian Ferlin wins face-off versus Austin Watson in Rafales zone.
17:59 of 1st period - Brian Ferlin is hit by Timothy Kunes.
19:56 of 1st period - Slapshot by Cody Eakin.
19:56 of 1st period - Shot Misses the Net.
19:58 of 1st period - Wrist shot by Cody Eakin.
19:58 of 1st period - Shot Hit the Post.
Goals for this period are 1 for Patriotes vs 0 for Rafales.
Shots for this period are 10 for Patriotes vs 9 for Rafales.
2nd period
0:01 of 2nd period - Mike Zigomanis wins face-off versus Cody Eakin in neutral zone.
0:14 of 2nd period - Snap shot by Mike Zigomanis.
0:14 of 2nd period - Shot Misses the Net.
0:31 of 2nd period - Matt Gilroy is hit by Justin Florek and loses puck.
0:40 of 2nd period - Wrist shot by Cody McLeod.
0:40 of 2nd period - Stopped by Thomas Greiss without a rebound.
0:41 of 2nd period - Cody Eakin wins face-off versus Carl Klingberg in Patriotes zone.
1:51 of 2nd period - Slapshot by Timothy Kunes.
1:51 of 2nd period - Deflect By Jared Knight.
1:51 of 2nd period - Shot Misses the Net.
1:51 of 2nd period - Puck is out of play.
1:52 of 2nd period - Jared Knight wins face-off versus Mike Zigomanis in Rafales zone.
2:11 of 2nd period - Snap shot by Mike Zigomanis.
2:11 of 2nd period - Stopped by Thomas Greiss with a rebound.
2:13 of 2nd period - Snap shot by Michael Ryder.
2:13 of 2nd period - Stopped by Thomas Greiss without a rebound.
2:14 of 2nd period - Cody Eakin wins face-off versus Nathan Davis in Patriotes zone.
2:41 of 2nd period - Wrist shot by Emerson Etem.
2:41 of 2nd period - Stopped by Leland Irving without a rebound.
2:42 of 2nd period - Christian Hanson wins face-off versus Mike Zigomanis in Rafales zone.
2:50 of 2nd period - Minor Penalty to Michael Ryder for Slashing.
2:51 of 2nd period - Mike Zigomanis wins face-off versus Cody Eakin in Rafales zone.
2:58 of 2nd period - Snap shot by Cody McLeod.
2:58 of 2nd period - Shot Blocked by Cody Eakin.
4:10 of 2nd period - Jason Zucker is hit by Carl Klingberg and loses puck.
4:50 of 2nd period - Penalty to Michael Ryder is over, Michael Ryder is back on ice.
5:18 of 2nd period - Snap shot by Timothy Kunes.
5:18 of 2nd period - Shot Blocked by Dylan McIlrath.
5:55 of 2nd period - Snap shot by Chris Terry.
5:55 of 2nd period - Shot Misses the Net.
5:57 of 2nd period - Wrist shot by James Marcou.
5:57 of 2nd period - Shot Blocked by Emerson Etem.
5:59 of 2nd period - Snap shot by James Marcou.
5:59 of 2nd period - Goal by James Marcou - Patriotes : 1 - Rafales : 1.
6:00 of 2nd period - Cody Eakin wins face-off versus Mike Zigomanis in neutral zone.
6:27 of 2nd period - Timothy Kunes is hit by Kevin Veilleux and loses puck.
6:32 of 2nd period - Snap shot by James Sheppard.
6:32 of 2nd period - Stopped by Thomas Greiss without a rebound.
6:33 of 2nd period - Christian Hanson wins face-off versus Kevin Veilleux in Patriotes zone.
6:39 of 2nd period - Snap shot by Brian Ferlin.
6:39 of 2nd period - Stopped by Thomas Greiss without a rebound.
6:40 of 2nd period - Cody Eakin wins face-off versus Mike Zigomanis in Patriotes zone.
6:47 of 2nd period - Backhand shot by Michael Ryder.
6:47 of 2nd period - Shot Misses the Net.
6:49 of 2nd period - Slapshot by Michael Ryder.
6:49 of 2nd period - Shot Blocked by Tyler Randell.
6:51 of 2nd period - Slapshot by Julian Melchiori.
6:51 of 2nd period - Deflect By Cody Eakin.
6:51 of 2nd period - Stopped by Thomas Greiss with a rebound.
6:53 of 2nd period - Slapshot by Joey Laleggia.
6:53 of 2nd period - Stopped by Thomas Greiss with a rebound.
6:55 of 2nd period - Wrist shot by Mike Zigomanis.
6:55 of 2nd period - Stopped by Thomas Greiss with a rebound.
7:57 of 2nd period - Wrist shot by Austin Watson.
7:57 of 2nd period - Deflect By Jared Knight.
7:57 of 2nd period - Shot Misses the Net.
7:57 of 2nd period - Puck is out of play.
7:58 of 2nd period - Nathan Davis wins face-off versus Jason Zucker in Rafales zone.
8:11 of 2nd period - Snap shot by Cody Eakin.
8:11 of 2nd period - Shot Misses the Net.
8:13 of 2nd period - Snap shot by Cody Eakin.
8:13 of 2nd period - Shot Misses the Net.
8:19 of 2nd period - Minor Penalty to Milan Bartovic for Holding.
8:20 of 2nd period - Cody Eakin wins face-off versus Mike Zigomanis in Rafales zone.
8:23 of 2nd period - Snap shot by Cody Eakin.
8:23 of 2nd period - Deflect By Cody McLeod.
8:23 of 2nd period - Shot Hit the Post.
8:23 of 2nd period - Puck is out of play.
8:24 of 2nd period - Mike Zigomanis wins face-off versus Cody Eakin in Rafales zone.
8:24 of 2nd period - Mike Zigomanis is hit by Cody Eakin.
8:34 of 2nd period - Snap shot by Jason Zucker.
8:34 of 2nd period - Shot Misses the Net.
8:36 of 2nd period - Wrist shot by Cody Eakin.
8:36 of 2nd period - Stopped by Leland Irving with a rebound.
8:48 of 2nd period - Slapshot by Anthony Bitetto.
8:48 of 2nd period - Deflect By Cody McLeod.
8:48 of 2nd period - Stopped by Leland Irving with a rebound.
8:50 of 2nd period - Wrist shot by Anthony Bitetto.
8:50 of 2nd period - Stopped by Leland Irving with a rebound.
8:52 of 2nd period - Slapshot by Timothy Kunes.
8:52 of 2nd period - Stopped by Leland Irving with a rebound.
8:54 of 2nd period - Snap shot by Jason Zucker.
8:54 of 2nd period - Shot Blocked by Matt Gilroy.
8:56 of 2nd period - Slapshot by Anthony Bitetto.
8:56 of 2nd period - Shot Misses the Net.
8:58 of 2nd period - Snap shot by Jason Zucker.
8:58 of 2nd period - Shot Misses the Net.
9:08 of 2nd period - Snap shot by Jason Zucker.
9:08 of 2nd period - Shot Blocked by Connor Murphy.
9:10 of 2nd period - Slapshot by Tyler Randell.
9:10 of 2nd period - Stopped by Leland Irving with a rebound.
9:16 of 2nd period - Snap shot by Tyler Randell.
9:16 of 2nd period - Stopped by Leland Irving with a rebound.
9:18 of 2nd period - Snap shot by Jason Zucker.
9:18 of 2nd period - Shot Blocked by Connor Murphy.
9:24 of 2nd period - Snap shot by Cody Eakin.
9:24 of 2nd period - Goal by Cody Eakin - Patriotes : 2 - Rafales : 1.
9:25 of 2nd period - Nathan Davis wins face-off versus Christian Hanson in neutral zone.
9:32 of 2nd period - Wrist shot by Milan Bartovic.
9:32 of 2nd period - Shot Blocked by Matt Calvert.
9:34 of 2nd period - Backhand shot by Milan Bartovic.
9:34 of 2nd period - Shot Blocked by Aaron Ness.
10:11 of 2nd period - Slapshot by Aaron Ness.
10:11 of 2nd period - Shot Misses the Net.
10:13 of 2nd period - Slapshot by Aaron Ness.
10:13 of 2nd period - Deflect By Austin Watson.
10:13 of 2nd period - Stopped by Leland Irving with a rebound.
10:15 of 2nd period - Slapshot by Shea Theodore.
10:15 of 2nd period - Stopped by Leland Irving without a rebound.
10:16 of 2nd period - Mike Zigomanis wins face-off versus Cody Eakin in Rafales zone.
11:11 of 2nd period - Joey Laleggia is hit by Christian Hanson and loses puck.
11:41 of 2nd period - Snap shot by Jared Knight.
11:41 of 2nd period - Shot Misses the Net.
11:59 of 2nd period - Wrist shot by Nathan Davis.
11:59 of 2nd period - Stopped by Thomas Greiss without a rebound.
12:00 of 2nd period - Christian Hanson wins face-off versus Mike Zigomanis in Patriotes zone.
12:00 of 2nd period - Christian Hanson is hit by Michael Ryder.
12:03 of 2nd period - Minor Penalty to Matt Calvert for Interference.
12:04 of 2nd period - Cody Eakin wins face-off versus Mike Zigomanis in Patriotes zone.
12:04 of 2nd period - Cody Eakin is hit by Cody McLeod.
14:03 of 2nd period - Penalty to Matt Calvert is over, Matt Calvert is back on ice.
14:03 of 2nd period - Snap shot by Cody McLeod.
14:03 of 2nd period - Stopped by Thomas Greiss without a rebound.
14:04 of 2nd period - Cedric Paquette wins face-off versus Aleksander Barkov in Patriotes zone.
14:43 of 2nd period - Icing by Christian Hanson.
14:44 of 2nd period - Kevin Veilleux wins face-off versus Austin Watson in Patriotes zone.
15:13 of 2nd period - Snap shot by Carl Klingberg.
15:13 of 2nd period - Shot Blocked by Timothy Kunes.
15:15 of 2nd period - Slapshot by Carl Klingberg.
15:15 of 2nd period - Shot Misses the Net.
15:17 of 2nd period - Snap shot by Carl Klingberg.
15:17 of 2nd period - Stopped by Thomas Greiss without a rebound.
15:18 of 2nd period - Cody McLeod wins face-off versus Christian Hanson in Patriotes zone.
15:36 of 2nd period - Anthony Bitetto is hit by Connor Murphy and loses puck.
15:48 of 2nd period - Off-side.
15:49 of 2nd period - Kevin Veilleux wins face-off versus Cody Eakin in neutral zone.
16:34 of 2nd period - Snap shot by Nathan Davis.
16:34 of 2nd period - Stopped by Thomas Greiss with a rebound.
16:36 of 2nd period - Snap shot by Carl Klingberg.
16:36 of 2nd period - Shot Misses the Net.
16:38 of 2nd period - Backhand shot by Carl Klingberg.
16:38 of 2nd period - Shot Blocked by Aaron Ness.
16:40 of 2nd period - Snap shot by Nathan Davis.
16:40 of 2nd period - Shot Misses the Net.
16:42 of 2nd period - Slapshot by Carl Klingberg.
16:42 of 2nd period - Shot Misses the Net.
16:44 of 2nd period - Slapshot by Nathan Davis.
16:44 of 2nd period - Stopped by Thomas Greiss without a rebound.
16:45 of 2nd period - Mike Zigomanis wins face-off versus Cody Eakin in Patriotes zone.
16:54 of 2nd period - Snap shot by Jason Zucker.
16:54 of 2nd period - Stopped by Leland Irving without a rebound.
16:55 of 2nd period - Mike Zigomanis wins face-off versus Cody Eakin in Rafales zone.
17:08 of 2nd period - Snap shot by Cody Eakin.
17:08 of 2nd period - Shot Misses the Net.
17:10 of 2nd period - Snap shot by Cody Eakin.
17:10 of 2nd period - Shot Blocked by Cody McLeod.
17:12 of 2nd period - Snap shot by Tyler Randell.
17:12 of 2nd period - Shot Blocked by Michael Ryder.
17:14 of 2nd period - Wrist shot by Cody Eakin.
17:14 of 2nd period - Shot Blocked by Matt Gilroy.
17:16 of 2nd period - Snap shot by Jason Zucker.
17:16 of 2nd period - Deflect By Cody Eakin.
17:16 of 2nd period - Stopped by Leland Irving without a rebound.
17:17 of 2nd period - Christian Hanson wins face-off versus Nathan Davis in Rafales zone.
17:20 of 2nd period - Wrist shot by Christian Hanson.
17:20 of 2nd period - Shot Misses the Net.
17:22 of 2nd period - Wrist shot by Matt Calvert.
17:22 of 2nd period - Stopped by Leland Irving without a rebound.
17:23 of 2nd period - Christian Hanson wins face-off versus Carl Klingberg in Rafales zone.
17:35 of 2nd period - Minor Penalty to Aaron Ness for Tripping.
17:36 of 2nd period - Mike Zigomanis wins face-off versus Cody Eakin in Patriotes zone.
17:39 of 2nd period - Snap shot by Mike Zigomanis.
17:39 of 2nd period - Shot Misses the Net.
17:41 of 2nd period - Snap shot by Cody McLeod.
17:41 of 2nd period - Stopped by Thomas Greiss without a rebound.
17:42 of 2nd period - Cody Eakin wins face-off versus Mike Zigomanis in Patriotes zone.
19:35 of 2nd period - Penalty to Aaron Ness is over, Aaron Ness is back on ice.
Goals for this period are 1 for Patriotes vs 1 for Rafales.
Shots for this period are 13 for Patriotes vs 15 for Rafales.
3rd period
0:01 of 3rd period - Mike Zigomanis wins face-off versus Cody Eakin in neutral zone.
0:10 of 3rd period - Jason Zucker is hit by Mike Zigomanis and loses puck.
0:25 of 3rd period - Nathan Davis is hit by Aleksander Barkov.
0:37 of 3rd period - Wrist shot by Aleksander Barkov.
0:37 of 3rd period - Shot Blocked by Nathan Davis.
0:47 of 3rd period - Emerson Etem is hit by Matt Gilroy.
0:51 of 3rd period - James Sheppard is hit by Matt Calvert and loses puck.
1:38 of 3rd period - Wrist shot by Michael Ryder.
1:38 of 3rd period - Stopped by Thomas Greiss with a rebound.
2:00 of 3rd period - Snap shot by Nathan Davis.
2:00 of 3rd period - Shot Blocked by Timothy Kunes.
2:07 of 3rd period - Icing by Jason Zucker.
2:08 of 3rd period - Christian Hanson wins face-off versus Kevin Veilleux in Patriotes zone.
2:21 of 3rd period - Dylan McIlrath is hit by Timothy Kunes and loses puck.
2:36 of 3rd period - Mike Zigomanis is hit by Aleksander Barkov and loses puck.
2:41 of 3rd period - Slapshot by Aleksander Barkov.
2:41 of 3rd period - Stopped by Leland Irving with a rebound.
3:02 of 3rd period - Snap shot by Nathan Davis.
3:02 of 3rd period - Stopped by Thomas Greiss with a rebound.
3:04 of 3rd period - Slapshot by Carl Klingberg.
3:04 of 3rd period - Stopped by Thomas Greiss without a rebound.
3:05 of 3rd period - Cody Eakin wins face-off versus Mike Zigomanis in Patriotes zone.
3:32 of 3rd period - Wrist shot by Carl Klingberg.
3:32 of 3rd period - Stopped by Thomas Greiss without a rebound.
3:33 of 3rd period - Christian Hanson wins face-off versus Milan Bartovic in Patriotes zone.
4:00 of 3rd period - Mike Zigomanis is hit by Cody Eakin and loses puck.
4:07 of 3rd period - Wrist shot by Cody Eakin.
4:07 of 3rd period - Stopped by Leland Irving with a rebound.
4:21 of 3rd period - Shea Theodore is hit by Brian Ferlin and loses puck.
4:52 of 3rd period - Off-side.
4:53 of 3rd period - Nathan Davis wins face-off versus Cody Eakin in neutral zone.
4:58 of 3rd period - Snap shot by Milan Bartovic.
4:58 of 3rd period - Shot Misses the Net.
5:01 of 3rd period - Icing by David Kolomatis.
5:02 of 3rd period - Cody Eakin wins face-off versus Mike Zigomanis in Patriotes zone.
5:13 of 3rd period - Off-side.
5:14 of 3rd period - Cody Eakin wins face-off versus Mike Zigomanis in neutral zone.
5:26 of 3rd period - Snap shot by Tyler Randell.
5:26 of 3rd period - Deflect By Cody Eakin.
5:26 of 3rd period - Shot Blocked by Matt Gilroy.
5:26 of 3rd period - Puck is out of play.
5:27 of 3rd period - Cody Eakin wins face-off versus Mike Zigomanis in Rafales zone.
5:30 of 3rd period - Snap shot by Cody Eakin.
5:30 of 3rd period - Shot Misses the Net.
5:32 of 3rd period - Wrist shot by Tyler Randell.
5:32 of 3rd period - Shot Misses the Net.
5:34 of 3rd period - Slapshot by Timothy Kunes.
5:34 of 3rd period - Shot Blocked by Mike Zigomanis.
5:36 of 3rd period - Snap shot by Jason Zucker.
5:36 of 3rd period - Stopped by Leland Irving without a rebound.
5:37 of 3rd period - Mike Zigomanis wins face-off versus Cody Eakin in Rafales zone.
5:37 of 3rd period - Mike Zigomanis is hit by Tyler Randell.
5:51 of 3rd period - Slapshot by Tyler Randell.
5:51 of 3rd period - Shot Misses the Net.
5:53 of 3rd period - Slapshot by Anthony Bitetto.
5:53 of 3rd period - Shot Misses the Net.
5:55 of 3rd period - Snap shot by Anthony Bitetto.
5:55 of 3rd period - Shot Misses the Net.
6:07 of 3rd period - Wrist shot by Jason Zucker.
6:07 of 3rd period - Goal by Jason Zucker - Patriotes : 3 - Rafales : 1.
6:08 of 3rd period - Cody Eakin wins face-off versus Mike Zigomanis in neutral zone.
6:15 of 3rd period - Snap shot by Jason Zucker.
6:15 of 3rd period - Shot Blocked by Connor Murphy.
6:56 of 3rd period - Matt Gilroy is hit by Aaron Ness and loses puck.
7:05 of 3rd period - Wrist shot by Austin Watson.
7:05 of 3rd period - Shot Blocked by Carl Klingberg.
7:07 of 3rd period - Backhand shot by Jared Knight.
7:07 of 3rd period - Shot Misses the Net.
7:09 of 3rd period - Slapshot by Timothy Kunes.
7:09 of 3rd period - Stopped by Leland Irving without a rebound.
7:10 of 3rd period - Michael Ryder wins face-off versus Cody Eakin in Rafales zone.
7:10 of 3rd period - Michael Ryder is hit by Tyler Randell.
7:18 of 3rd period - Slapshot by Tyler Randell.
7:18 of 3rd period - Shot Misses the Net.
7:20 of 3rd period - Slapshot by Aaron Ness.
7:20 of 3rd period - Shot Blocked by Joey Laleggia.
7:27 of 3rd period - Minor Penalty to Cody McLeod for Cross-checking.
7:28 of 3rd period - Mike Zigomanis wins face-off versus Cody Eakin in Rafales zone.
7:53 of 3rd period - Emerson Etem is hit by Carl Klingberg and loses puck.
8:47 of 3rd period - Icing by Cody Eakin.
8:48 of 3rd period - Cody Eakin wins face-off versus Brian Ferlin in Patriotes zone.
9:27 of 3rd period - Penalty to Cody McLeod is over, Cody McLeod is back on ice.
9:40 of 3rd period - Slapshot by Anthony Bitetto.
9:40 of 3rd period - Stopped by Leland Irving with a rebound.
9:42 of 3rd period - Snap shot by Anthony Bitetto.
9:42 of 3rd period - Shot Blocked by Matt Gilroy.
9:44 of 3rd period - Wrist shot by Tyler Randell.
9:44 of 3rd period - Shot Misses the Net.
9:46 of 3rd period - Slapshot by David Kolomatis.
9:46 of 3rd period - Stopped by Leland Irving with a rebound.
9:56 of 3rd period - Snap shot by Cody Eakin.
9:56 of 3rd period - Shot Misses the Net.
9:58 of 3rd period - Snap shot by Cody Eakin.
9:58 of 3rd period - Shot Misses the Net.
10:00 of 3rd period - Slapshot by Anthony Bitetto.
10:00 of 3rd period - Deflect By Tyler Randell.
10:00 of 3rd period - Stopped by Leland Irving with a rebound.
10:02 of 3rd period - Slapshot by Anthony Bitetto.
10:02 of 3rd period - Stopped by Leland Irving with a rebound.
10:04 of 3rd period - Wrist shot by Cody Eakin.
10:04 of 3rd period - Shot Misses the Net.
10:06 of 3rd period - Wrist shot by Cody Eakin.
10:06 of 3rd period - Shot Misses the Net.
10:08 of 3rd period - Snap shot by Cody Eakin.
10:08 of 3rd period - Shot Blocked by Carl Klingberg.
10:10 of 3rd period - Slapshot by Anthony Bitetto.
10:10 of 3rd period - Shot Blocked by Matt Gilroy.
10:20 of 3rd period - Snap shot by Cody Eakin.
10:20 of 3rd period - Shot Misses the Net.
10:22 of 3rd period - Wrist shot by Cody Eakin.
10:22 of 3rd period - Deflect By Tyler Randell.
10:22 of 3rd period - Shot Misses the Net.
10:22 of 3rd period - Puck is out of play.
10:23 of 3rd period - Christian Hanson wins face-off versus Kevin Veilleux in Rafales zone.
10:34 of 3rd period - Snap shot by Brian Ferlin.
10:34 of 3rd period - Shot Misses the Net.
10:36 of 3rd period - Snap shot by Brian Ferlin.
10:36 of 3rd period - Stopped by Thomas Greiss without a rebound.
10:37 of 3rd period - Christian Hanson wins face-off versus Kevin Veilleux in Patriotes zone.
11:02 of 3rd period - Chris Terry is hit by Borna Rendulic and loses puck.
11:21 of 3rd period - Slapshot by Shea Theodore.
11:21 of 3rd period - Shot Blocked by Kevin Veilleux.
12:36 of 3rd period - Dale Weise is hit by Cody McLeod and loses puck.
12:49 of 3rd period - Cedric Paquette is hit by Anthony Bitetto and loses puck.
12:56 of 3rd period - Connor Murphy is hit by Anthony Bitetto and loses puck.
13:51 of 3rd period - Cody Eakin is hit by Brian Ferlin and loses puck.
14:03 of 3rd period - Off-side.
14:04 of 3rd period - Christian Hanson wins face-off versus Cedric Paquette in neutral zone.
14:09 of 3rd period - Slapshot by Timothy Kunes.
14:09 of 3rd period - Deflect By Matt Calvert.
14:09 of 3rd period - Shot Blocked by Julian Melchiori.
14:09 of 3rd period - Puck is out of play.
14:10 of 3rd period - Christian Hanson wins face-off versus Mike Zigomanis in Rafales zone.
14:16 of 3rd period - Icing by Julian Melchiori.
14:17 of 3rd period - Mike Zigomanis wins face-off versus Cody Eakin in Rafales zone.
14:31 of 3rd period - Off-side.
14:32 of 3rd period - Christian Hanson wins face-off versus Nathan Davis in neutral zone.
15:46 of 3rd period - Snap shot by Austin Watson.
15:46 of 3rd period - Stopped by Leland Irving without a rebound.
15:47 of 3rd period - Kevin Veilleux wins face-off versus Aleksander Barkov in Rafales zone.
15:56 of 3rd period - Slapshot by Matt Gilroy.
15:56 of 3rd period - Shot Misses the Net.
16:02 of 3rd period - Slapshot by James Sheppard.
16:02 of 3rd period - Stopped by Thomas Greiss with a rebound.
16:18 of 3rd period - Minor Penalty to Borna Rendulic for High sticking.
16:19 of 3rd period - Cody Eakin wins face-off versus Mike Zigomanis in Patriotes zone.
16:30 of 3rd period - Slapshot by Connor Murphy.
16:30 of 3rd period - Stopped by Thomas Greiss without a rebound.
16:31 of 3rd period - Mike Zigomanis wins face-off versus Cody Eakin in Patriotes zone.
16:32 of 3rd period - Slapshot by Cody McLeod.
16:32 of 3rd period - Shot Blocked by Jason Zucker.
16:34 of 3rd period - Snap shot by Matt Gilroy.
16:34 of 3rd period - Stopped by Thomas Greiss with a rebound.
16:46 of 3rd period - Slapshot by Michael Ryder.
16:46 of 3rd period - Shot Blocked by Timothy Kunes.
17:16 of 3rd period - Christian Hanson is hit by Mike Zigomanis and loses puck.
18:11 of 3rd period - Carl Klingberg is hit by Austin Watson.
18:18 of 3rd period - Penalty to Borna Rendulic is over, Borna Rendulic is back on ice.
18:35 of 3rd period - Snap shot by Matt Calvert.
18:35 of 3rd period - Shot Blocked by Julian Melchiori.
18:43 of 3rd period - Snap shot by James Sheppard.
18:43 of 3rd period - Shot Blocked by Aaron Ness.
18:55 of 3rd period - Slapshot by Julian Melchiori.
18:55 of 3rd period - Stopped by Thomas Greiss with a rebound.
18:57 of 3rd period - Wrist shot by James Marcou.
18:57 of 3rd period - Shot Misses the Net.
18:59 of 3rd period - Wrist shot by James Marcou.
18:59 of 3rd period - Stopped by Thomas Greiss with a rebound.
19:03 of 3rd period - Slapshot by Chris Terry.
19:03 of 3rd period - Deflect By Cedric Paquette.
19:03 of 3rd period - Shot Blocked by Justin Florek.
19:03 of 3rd period - Puck is out of play.
19:04 of 3rd period - Cody Eakin wins face-off versus Cedric Paquette in Patriotes zone.
19:30 of 3rd period - Aleksander Barkov is hit by Nathan Davis and loses puck.
Goals for this period are 1 for Patriotes vs 0 for Rafales.
Shots for this period are 10 for Patriotes vs 10 for Rafales.
Back to the Top